 Dungeon Crawl Stone Soup version 0.27.1-35-g4d5d836560 (webtiles) character file.

Game seed: 10081680625488165449

3234 Delamore the Slicer (level 9, -3/60 HPs)
             Began as an Octopode Brigand on May 16, 2022.
             Was an Initiate of Gozag.
             Slain by an orc knight (31 damage)
             ... in a bailey.
             The game lasted 00:13:39 (9389 turns).

Delamore the Slicer (Octopode Brigand)              Turns: 9389, Time: 00:13:40

Health: -3/60      AC:  3    Str: 10    XL:     9   Next: 98%
Magic:  9/9        EV: 15    Int: 21    God:    Gozag
Gold:   167        SH:  0    Dex: 17    Spells: 8/8 levels left

rFire    + + .     SeeInvis .   a - +2 dagger
rCold    . . .     Faith    .   (no shield)
rNeg     + . .     Spirit   .   q - +2 hat
rPois    .         Reflect  .   (no amulet)
rElec    .         Harm     .   d - ring "Joschecui" {rF++ rN+ Int+2}
rCorr    .         Rampage  .   o - +6 ring of intelligence
Will     .....                  (no ring)
Stlth    ++++......             (no ring)
HPRegen  0.20/turn              (no ring)
MPRegen  0.11/turn              (no ring)
                                (no ring)
                                (no ring)

@: gold aura
A: almost no armour, amphibious, 8 rings, camouflage 1, gelatinous body 1,
(nimble swimmer 1), tentacles
a: Renounce Religion, Potion Petition, Call Merchant, Bribe Branch


You were in a bailey.
You worshipped Gozag.
Gozag was aware of your devotion.
You visited 2 branches of the dungeon, and saw 8 of its levels.
You also visited: Sewer, Ossuary and Bailey.

You collected 281 gold pieces.
You spent 40 gold pieces at shops.
You paid 74 gold pieces to Gozag.

Inventory:

Hand Weapons
 a - a +2 dagger (weapon)
 k - a +5 dagger
 y - a +0 spear
Missiles
 b - 4 poisoned darts (quivered)
 s - 111 stones
Armour
 q - a +2 hat (worn)
Jewellery
 d - the ring "Joschecui" (left tentacle) {rF++ rN+ Int+2}
   (You acquired it on level 4 of the Dungeon)

   [ring of positive energy]

   Int:       It affects your intelligence (+2).
   rF:        It greatly protects you from fire.
   rN:        It protects you from negative energy.
 o - a +6 ring of intelligence (right tentacle)
Wands
 x - a wand of paralysis (2)
Scrolls
 h - 3 scrolls of teleportation
 i - 2 scrolls of enchant armour
 j - 3 scrolls of enchant weapon
 r - a scroll of fear
 t - a scroll of noise
 v - a scroll of vulnerability
 A - a scroll of holy word
 G - a scroll of immolation
 H - a scroll of amnesia {unknown}
Potions
 c - 2 potions of mutation {unknown}
 e - 3 potions of cancellation
 f - a potion of heal wounds
 g - 2 potions of resistance
 l - 3 potions of invisibility {unknown}
 m - a potion of brilliance {unknown}
 n - a potion of curing
 p - 2 potions of degeneration
 u - 2 potions of haste {unknown}
 z - 3 potions of flight {unknown}
 B - a potion of lignification {unknown}
 C - a potion of ambrosia {unknown}
 E - 2 potions of might {unknown}
 F - a potion of magic {unknown}


   Skills:
 + Level 4.8 Fighting
 - Level 10.0 Short Blades
 - Level 6.0 Throwing
 + Level 4.4 Dodging
 - Level 5.3 Stealth
 + Level 4.6 Evocations


You had 8 spell levels left.
You didn't know any spells.
Your spell library contained the following spells:

 Spells                   Type           Power      Damage    Failure   Level
 Magic Dart               Conj           0%         1d3       19%         1
 Call Imp                 Summ           0%         N/A       26%         2
 Corpse Rot               Necr/Air       N/A        N/A       26%         2
 Slow                     Hex            0%         N/A       26%         2
 Confusing Touch          Hex            0%         N/A       47%         3
 Mephitic Cloud           Conj/Pois/Air  0%         N/A       47%         3
 Vampiric Draining        Necr           0%         2d6       47%         3
 Dispel Undead            Necr           0%         3d6       87%         4
 Death Channel            Necr           0%         N/A       100%        6


Dungeon Overview and Level Annotations

Branches:
Dungeon (7/15)             Temple (1/1) D:7           Sewer (visited)
Ossuary (visited)          Bailey (1/1)

Altars:
Ashenzari
Elyvilon
Gozag
Hepliaklqana
Kikubaaqudgha
Makhleb
Ru
Sif Muna
Trog
Wu Jian
The Shining One

Shops:
D:3 !

Annotations:
D:6 Maggie


Innate Abilities, Weirdness & Mutations

You cannot wear most types of armour.
You are amphibious.
You can wear up to eight rings at the same time.
Your skin changes colour to match your surroundings (Stealth+).
Your rubbery body absorbs attacks. (AC +1, EV +1)
((You are camouflaged near water. (Stealth+)))
You have tentacles for arms and can constrict up to eight enemies at once.


Message History

You throw a poisoned dart.
The poisoned dart closely misses the orc knight.
The poisoned dart barely misses the orc knight.
The orc knight shouts!
You throw a poisoned dart.
The poisoned dart closely misses the orc knight.
The poisoned dart hits the orc knight!
The orc knight is poisoned.
You throw a poisoned dart. The poisoned dart hits the orc knight!
The orc knight looks as sick as possible!
The orc knight is moderately wounded.
The orc knight is no longer moving slowly.
The orc knight roars a battlecry!
The orc knight goes into a battle-frenzy!
The orc knight hits you from afar with a +0 glaive!!
Aiming: Paralyse
Press: ? - help, Shift-Dir - straight line, f/p - orc knight
Aim: an orc knight, wielding a +0 glaive and wearing a +0 ring mail (moderately wounded, strong, extremely poisoned, chance to affect: 39%)
The orc knight resists with some effort.
An orc knight comes into view. It is wielding a +0 halberd.
The orc knight hits you from afar with a +0 glaive!
Aiming: Paralyse
Press: ? - help, Shift-Dir - straight line, f/p - orc knight
Aim: an orc knight, wielding a +0 glaive and wearing a +0 ring mail (moderately wounded, strong, extremely poisoned, chance to affect: 39%)
The orc knight suddenly stops moving!
The orc knight shouts!
Things that are here:
9 gold pieces; a +0 war axe The helpless orc knight fails to defend itself.
You spit the orc knight like a pig!!!
You kill the orc knight!
Your Dodging skill increases to level 4!
Your Evocations skill increases to level 4!
Aiming: Paralyse
Press: ? - help, Shift-Dir - straight line, f - orc knight
Aim: an orc knight, wielding a +0 trident and wearing a +0 plate armour (lightly wounded, strong, very poisoned, chance to affect: 42%)
The orc knight suddenly stops moving!
The orc knight hits you from afar with a +0 halberd!!
Ouch! That really hurt!
You die...
Your body crumbles into a pile of gold.

#.......#
#∩.....∩#
#..$$...#
#...$...#
#...$$$.#
#..$$$..#
#.......#
#...$...#
#..$@$..#
#...o$..#
##..o..##
###(###
#.$.#
#$$$#
#$$$#
#...#
###'###


You could see 2 orc knights.

Vanquished Creatures
  An orc knight (Bailey)
  A wraith (D:6)
  A steam dragon (D:6)
  Menkaure (D:6)
  A water moccasin (D:6)
  A sky beast (D:5)
  3 orc warriors (Bailey)
  A black bear (D:4)
  A necrophage (D:5)
  7 ogres
  A phantom (D:5)
  3 kobold brigands (Sewer)
  A bullfrog (D:6)
  A centaur zombie (D:6)
  A bullfrog zombie (D:5)
  A hound (D:5)
  3 jellies
  3 orc priests
  2 iguanas (D:6)
  Ijyb (D:5)
  Terence (D:2)
  A hound skeleton (D:3)
  12 mummies (Ossuary)
  A gnoll (D:1)
  9 adders
  A river rat (Sewer)
  A shadow imp (D:5)
  A white imp (D:6)
  2 ufetubi
  9 worms
  A dart slug (D:1)
  29 orcs
  12 endoplasms
  A giant cockroach (D:1)
  9 goblins
  8 hobgoblins
  3 quokkas
  14 ball pythons
  5 bats
  3 frilled lizards
  4 gnoll skeletons (Ossuary)
  2 goblin skeletons (Ossuary)
  6 kobolds
  A kobold skeleton (Ossuary)
  An orc skeleton (Ossuary)
  8 rats
  11 rat skeletons (Ossuary)
191 creatures vanquished.

Notes
Turn   | Place    | Note
-------+----------+-------------------------------------------
     0 | D:1      | Delamore the Octopode Brigand began the quest for the Orb.
     0 | D:1      | Reached XP level 1. HP: 14/14 MP: 1/1
    19 | D:1      | Found a faded altar of an unknown god.
   199 | D:1      | Reached XP level 2. HP: 19/19 MP: 2/2
   397 | D:1      | Reached skill level 3 in Short Blades
   402 | D:1      | Reached XP level 3. HP: 24/24 MP: 3/3
  1424 | D:2      | Noticed Terence
  1441 | D:2      | Killed Terence
  1442 | D:2      | Reached XP level 4. HP: 4/29 MP: 4/4
  2124 | D:3      | Reached skill level 4 in Short Blades
  2157 | D:3      | Found a hazy altar of Hepliaklqana.
  2257 | D:3      | Found a glowing drain.
  2275 | Sewer    | Entered a sewer
  2337 | Sewer    | Noticed a kobold brigand
  2350 | Sewer    | Killed a kobold brigand
  2351 | Sewer    | Reached XP level 5. HP: 4/34 MP: 5/5
  2836 | Sewer    | Reached skill level 5 in Short Blades
  2854 | Sewer    | Reached XP level 6. HP: 39/39 MP: 6/6
  3513 | D:3      | Found Lanisoen's Distillery.
  3556 | D:3      | Bought a potion of degeneration for 10 gold pieces
  3556 | D:3      | Bought a potion of curing for 30 gold pieces
  3869 | D:3      | Reached skill level 6 in Short Blades
  3869 | D:3      | Reached XP level 7. HP: 13/45 MP: 7/7
  4106 | D:4      | Found an ornate altar of the Wu Jian Council.
  4757 | D:4      | Found an ancient bone altar of Kikubaaqudgha.
  4765 | D:4      | Identified a scroll of acquirement
  4767 | D:4      | Acquired the ring "Joschecui" {rF++ rN+ Int+2}
  4824 | D:5      | Entered Level 5 of the Dungeon
  4831 | D:5      | Reached skill level 5 in Throwing
  4850 | D:5      | Noticed Ijyb
  4851 | D:5      | Reached skill level 7 in Short Blades
  5162 | D:5      | Reached XP level 8. HP: 38/50 MP: 8/8
  5303 | D:5      | Killed Ijyb
  5426 | D:5      | Reached skill level 8 in Short Blades
  6072 | D:6      | Noticed a wraith
  6073 | D:6      | Noticed Maggie
  6107 | D:6      | Killed a wraith
  6108 | D:6      | Reached skill level 1 in Evocations
  6265 | D:6      | Reached skill level 9 in Short Blades
  6265 | D:6      | Reached XP level 9. HP: 21/55 MP: 9/9
  6355 | D:6      | Found a sand-covered staircase.
  6362 | Ossuary  | Entered an ossuary
  7223 | D:6      | Noticed Menkaure
  7233 | D:6      | Killed Menkaure
  8131 | D:7      | Found a staircase to the Ecumenical Temple.
  8141 | Temple   | Entered the Ecumenical Temple
  8229 | Temple   | Became a worshipper of Gozag Ym Sagoz the Greedy
  8334 | D:7      | Found a flagged portal.
  8356 | Bailey   | Entered a bailey
  9249 | Bailey   | Noticed an orc knight
  9258 | Bailey   | Reached skill level 10 in Short Blades
  9380 | Bailey   | Noticed an orc knight
  9384 | Bailey   | Noticed an orc knight
  9387 | Bailey   | Killed an orc knight
  9389 | Bailey   | Slain by an orc knight

Illustrated notes

Levels and vault maps discovered:
D:1:      dpeg_arrival_lava_altar, layout_basic,
          chequers_ecumenical_altar_simple
D:2:      layout_basic, uniq_terence
D:3:      layout_rooms, mainiacjoe_overflow_alcove_1, serial_shops, shop,
          cheibrodos_sewer_entry_bend, kennysheep_minor_cross
D:4:      layout_cave_pools, mainiacjoe_overflow_cross_hatched,
          kennysheep_little_box
D:5:      layout_cave_pools, uniq_ijyb
D:6:      layout_gridville, chequers_ossuary_entry_cave, uniq_menkaure,
          uniq_maggie
D:7:      layout_basic, chequers_temple_overflow_minitemple, okawaru_gym_becter,
          fedhas_ov_isle_minmay, mainiacjoe_overflow_tiny_flanked,
          minmay_temple_entry_nine_rooms, enter_bailey_3, uniq_pikel
Temple:   minmay_temple_curvy_loop
Bailey:   bailey_polearm_5, bailey

Skill      XL: |  1  2  3  4  5  6  7  8  9 |
---------------+----------------------------+-----
Short Blades   | 3 4 5 6 7 9 10 | 10.0
Throwing       | 3 4 5 6 |  6.0
Evocations     | 2 4 |  4.6
Dodging        | 2 4 |  4.4
Fighting       | 4 |  4.8
Stealth        | |  5.3

Action                   |  1- 3 |  4- 6 |  7- 9 || total
-------------------------+-------+-------+-------++-------
Melee: Dagger            |    67 |   100 |   282 ||   449
       Constrict         |    12 |    18 |    48 ||    78
       Tentacles         |    10 |    14 |    59 ||    83
Throw: Dart              |     2 |     1 |    70 ||    73
       Stone             |       |       |    21 ||    21
Evoke: Wand              |       |       |    10 ||    10
  Use: Scroll            |       |     1 |    11 ||    12
       Potion            |       |       |     3 ||     3
 Stab: Sleeping          |     9 |    24 |    25 ||    58
       Distracted        |     2 |     1 |       ||     3
       Paralysed         |       |       |     3 ||     3
Armor: Skin              |     5 |     4 |    24 ||    33
Dodge: Dodged            |    38 |    29 |   131 ||   198
